[Event "Krakow Championship-B 2022"]
[Site "Krakow"]
[Date "2022.07.02"]
[Round "9.4"]
[White "Stemmler, Fabian"]
[Black "Matuszczyk, Mateusz"]
[Result "1/2-1/2"]
[ECO "A45"]
[WhiteElo "2054"]
[BlackElo "1830"]
[Annotator "RC"]
[PlyCount "110"]
[EventDate "2022.06.25"]
[EventType "swiss"]
[EventCountry "POL"]
[SourceTitle "playchess.com"]
[Source "ChessBase"]
[SourceQuality "1"]
[TimeControl "40/5400+30:1800+30"]

1. d4 Nf6 2. Bg5 e6 3. e4 d5 4. e5 h6 5. Be3 Nfd7 6. c3 c5 7. f4 Qb6 8. Qd2 Nc6 9. Nf3 Be7 10. Be2 Qa5 11. dxc5 Bxc5 12. b4 Bxe3 13. Qxe3 Qb6 14. Qxb6 Nxb6 15. a4 a5 16. b5 Ne7 17. Nbd2 O-O 18. O-O Nd7 19. Nb3 b6 20. Nfd4 Bb7 21. Rac1 Rac8 22. c4 g5 23. g3 Kh8 24. f5 dxc4 25. fxe6 Nxe5 26. Nd2 Bd5 27. exf7 Rxf7 28. Rxf7 Bxf7 29. Ne4 Bd5 30. Nc3 Bb7 31. Rf1 Nd5 32. Nxd5 Bxd5 33. Rf5 Re8 34. Bh5 Re7 35. Rf8+ Kh7 36. Bd1 Nd3 37. Rf1 Nb4 38. Kf2 Rf7+ 39. Kg1 Rxf1+ 40. Kxf1 c3 41. Bb3 Bxb3 42. Nxb3 Kg6 43. Ke2 Kf5 44. Nd4+ Ke4 45. Nc6 Kd5 46. Ne7+ Kc4 47. Nf5 Kb3 48. h4 c2 49. Nd4+ Kb2 50. Nxc2 Kxc2 51. Kf3 Kb3 52. hxg5 hxg5 53. Kg4 Kxa4 54. Kxg5 Kxb5 55. g4 a4 1/2-1/2

[Event "Krakow Championship-B 2022"]
[Site "Krakow"]
[Date "2022.07.02"]
[Round "9.5"]
[White "Kulesza, Andrzej"]
[Black "Palacki, Rafal"]
[Result "1-0"]
[ECO "B96"]
[WhiteElo "1998"]
[BlackElo "1810"]
[Annotator "RC"]
[PlyCount "129"]
[EventDate "2022.06.25"]
[EventType "swiss"]
[EventCountry "POL"]
[SourceTitle "playchess.com"]
[Source "ChessBase"]
[SourceQuality "1"]
[TimeControl "40/5400+30:1800+30"]

1. e4 c5 2. Nf3 d6 3. d4 cxd4 4. Nxd4 Nf6 5. Nc3 a6 6. Bg5 e6 7. f4 h6 8. Bh4 Qb6 9. Qd2 Qxb2 10. Rb1 Qa3 11. e5 dxe5 12. fxe5 Nfd7 13. Ne4 Qxa2 14. Rd1 Qd5 15. Qe3 Qxe5 16. Be2 Bc5 17. c3 O-O 18. Bg3 Bxd4 19. Rxd4 Qa5 20. Bd6 Nc6 21. Rd2 Rd8 22. O-O f5 23. Nf2 Nf6 24. g4 Nd5 25. Qg3 Qxc3 26. Rd3 f4 27. Bxf4 Nxf4 28. Rxd8+ Nxd8 29. Qxf4 e5 30. Qe4 Ne6 31. Rd1 Qc7 32. Qd5 Kf8 33. Bc4 Ke7 34. Ne4 Qb6+ 35. Kh1 Qc6 36. Qd3 Bd7 37. Bd5 Qb6 38. Qa3+ Kf7 39. Rf1+ Kg8 40. Qe7 Rd8 41. Nc5 Kh8 42. Nxe6 Bxe6 43. Qxe6 Qxe6 44. Bxe6 Rd6 45. Bc8 b5 46. Ra1 b4 47. Rxa6 Rxa6 48. Bxa6 g6 49. Bd3 Kg7 50. Kg2 Kf6 51. h4 g5 52. h5 e4 53. Bxe4 Ke5 54. Kf3 Kd4 55. Bf5 b3 56. Ke2 Kc3 57. Ke3 Kb2 58. Kd4 Kc1 59. Ke5 Kd2 60. Kf6 Ke3 61. Kg6 b2 62. Kxh6 Kf4 63. Kg6 b1=Q 64. Bxb1 Kxg4 65. h6 1-0

[Event "Krakow Championship-B 2022"]
[Site "Krakow"]
[Date "2022.07.02"]
[Round "9.6"]
[White "Maciejewski, Kamil"]
[Black "Malik, Maciej"]
[Result "1/2-1/2"]
[ECO "A04"]
[WhiteElo "1939"]
[BlackElo "1984"]
[Annotator "RC"]
[PlyCount "201"]
[EventDate "2022.06.25"]
[EventType "swiss"]
[EventCountry "POL"]
[SourceTitle "playchess.com"]
[Source "ChessBase"]
[SourceQuality "1"]
[TimeControl "40/5400+30:1800+30"]

1. Nf3 g6 2. g3 Bg7 3. d4 d6 4. b3 Nf6 5. Bb2 Nbd7 6. Bg2 O-O 7. O-O e5 8. dxe5 Ng4 9. c4 Ngxe5 10. Nxe5 Nxe5 11. Nc3 Rb8 12. Qd2 Bd7 13. Nd5 Bc6 14. f4 Nd7 15. Bxg7 Kxg7 16. Qd4+ f6 17. Qxa7 Nc5 18. Qa5 Bxd5 19. cxd5 Qe7 20. Qd2 Rfe8 21. Bf3 Ra8 22. Rac1 Qe3+ 23. Qxe3 Rxe3 24. Rc2 f5 25. Rfc1 Kf6 26. Kf2 Re7 27. b4 Na6 28. a3 Ra7 29. e3 b5 30. Be2 Rb7 31. Rb2 Nb8 32. Bd3 Kf7 33. Rbc2 Ke8 34. h3 Kd8 35. g4 fxg4 36. hxg4 Nd7 37. g5 Nf8 38. Kf3 Rf7 39. e4 Nd7 40. Kg4 Re7 41. Rh1 Ke8 42. Rch2 Nf8 43. Re1 Nd7 44. Rhe2 Kf8 45. e5 dxe5 46. fxe5 Rb8 47. e6 Nb6 48. Bxb5 Nxd5 49. Bc4 Nb6 50. Rf2+ Kg7 51. Bb3 Nc8 52. Rf7+ Rxf7 53. exf7 Nd6 54. Re7 c6 55. Rc7 Nb5 56. f8=Q+ Kxf8 57. Rxh7 Rb6 58. Rh8+ Ke7 59. Ra8 Nxa3 60. Rxa3 Rxb4+ 61. Kf3 Rb5 62. Ba4 Rxg5 63. Bxc6 Re5 64. Be4 Kf6 65. Kf4 Re6 66. Rg3 Kg7 67. Rg4 Kh6 68. Rh4+ Kg7 69. Ke3 Rd6 70. Bd3 Kf6 71. Rg4 Kg7 72. Ke4 Kf6 73. Rg3 Re6+ 74. Kd5 Re5+ 75. Kd6 Rg5 76. Rf3+ Kg7 77. Ke6 Rg1 78. Rf7+ Kh6 79. Be4 Rg4 80. Ke5 Rg5+ 81. Kf6 Rg4 82. Re7 Rf4+ 83. Ke5 Rf1 84. Re6 Rg1 85. Kf6 Rf1+ 86. Ke7 Rg1 87. Kf7 Rf1+ 88. Kg8 Rg1 89. Rf6 Kh5 90. Kg7 g5 91. Rh6+ Kg4 92. Kf6 Kf4 93. Bf5 Ra1 94. Rh2 Ra6+ 95. Be6 g4 96. Rh4 Kf3 97. Ke5 Rxe6+ 98. Kxe6 g3 99. Kf5 g2 100. Rg4 Kf2 101. Ke4 1/2-1/2

[Event "Krakow Championship-B 2022"]
[Site "Krakow"]
[Date "2022.07.02"]
[Round "9.7"]
[White "Cichon, Jakub"]
[Black "Khandhar, Kaushal"]
[Result "1/2-1/2"]
[ECO "D00"]
[WhiteElo "1884"]
[BlackElo "1936"]
[Annotator "NA RC"]
[PlyCount "116"]
[EventDate "2022.06.25"]
[EventType "swiss"]
[EventCountry "POL"]
[SourceTitle "playchess.com"]
[Source "ChessBase"]
[SourceQuality "1"]
[TimeControl "40/5400+30:1800+30"]

1. d4 d5 2. Bf4 Nf6 3. e3 c5 4. c3 Nc6 5. Nd2 Bf5 6. Ngf3 e6 7. Bb5 Qb6 8. Qa4 a6 {[%emt 0:00:59] 8...Nd7 is more fashionable.} 9. Bxc6+ Qxc6 10. Qxc6+ bxc6 11. O-O {[%emt 0:08:20] [#]} Rc8 $146 ({Predecessor:} 11... Nd7 12. c4 Be7 13. Rfc1 f6 14. Nb3 Rc8 15. Bg3 Bg4 16. dxc5 e5 17. cxd5 cxd5 {½-½ (79) Ding,Y (2424)-Shen,Y (2465) Riadh 2017}) 12. Rfc1 c4 13. h3 Ne4 14. a3 c5 15. Nxe4 Bxe4 16. Nd2 Bd3 17. f3 Kd7 18. e4 Rc6 19. Be3 Rb6 20. Ra2 Kc6 21. exd5+ exd5 22. dxc5 Bxc5 23. Bxc5 Kxc5 24. Rd1 Bc2 25. Rc1 Bg6 26. Rf1 Rhb8 27. Rf2 Bd3 28. f4 f6 29. g4 Kd6 30. Kh2 Kd7 31. Nf3 Bb1 32. Ra1 Rxb2 33. Kg3 Rxf2 34. Kxf2 Be4 35. Nd2 Bd3 36. Ra2 Kd6 37. h4 Kc5 38. Nf3 Rb3 39. Nd4 Rxc3 40. Ne6+ Kb5 41. Nxg7 Rc2+ 42. Rxc2 Bxc2 43. Ke3 Ka4 44. Ne8 Kxa3 45. Nxf6 Kb3 46. Nxd5 Bd1 47. f5 Bxg4 48. f6 Be6 49. Nc7 Bf7 50. Nxa6 c3 51. Nc5+ Kc4 52. Ne4 c2 $2 (52... h5 $19 53. Nf2 (53. Nd6+ $2 Kb3 $19) 53... Kb3) 53. Kd2 Kd4 54. Ng5 Ke5 55. Nxf7+ Kxf6 56. Ng5 Kf5 $11 57. Nxh7 Kg4 58. Kxc2 Kxh4 1/2-1/2

[Event "Krakow Championship-B 2022"]
[Site "Krakow"]
[Date "2022.07.02"]
[Round "9.8"]
[White "Zamekhovskiy, Yevgen"]
[Black "Cwiek, Ryszard"]
[Result "1-0"]
[ECO "A40"]
[WhiteElo "1926"]
[BlackElo "1880"]
[Annotator "NA RC"]
[PlyCount "121"]
[EventDate "2022.06.25"]
[EventType "swiss"]
[EventCountry "POL"]
[SourceTitle "playchess.com"]
[Source "ChessBase"]
[SourceQuality "1"]
[TimeControl "40/5400+30:1800+30"]

1. d4 e6 2. c4 b6 3. Nf3 Bb7 4. g3 f5 $14 5. Bg2 Bb4+ 6. Nbd2 Nf6 7. O-O Bxd2 8. Qxd2 O-O 9. Rd1 a5 10. Qc2 Be4 11. Qc3 Na6 12. b3 c5 13. Bb2 Qe7 14. dxc5 bxc5 15. Qe5 Nb4 16. Qd6 Qxd6 17. Rxd6 Ra6 18. Rxa6 Nxa6 19. Be5 d5 20. cxd5 exd5 21. Rc1 Nd7 22. Bf4 Nb4 23. a3 Nc2 24. Ng5 Nd4 25. Bf1 h6 26. Nxe4 fxe4 27. b4 axb4 28. axb4 cxb4 29. Rd1 Ne6 30. Bd6 Rc8 31. Bh3 Kf7 32. Rxd5 Ndc5 33. Bxc5 b3 34. Bd4 Nxd4 35. Bxc8 b2 36. Rd7+ Kf6 37. Rb7 Nxe2+ 38. Kg2 g5 39. Rxb2 Nc3 40. Rc2 Nd5 41. Bb7 Ne7 42. Bxe4 Ke5 43. Bf3 Nf5 44. Rc5+ Kd4 45. Rxf5 g4 46. Rh5 gxf3+ 47. Kxf3 Kd3 48. Rxh6 Kd4 49. Kf4 Kd5 50. g4 Kc5 51. g5 Kd4 52. g6 Kd3 53. g7 Kc4 54. g8=Q+ Kb4 55. Rb6+ Kc5 56. Qb3 Kd4 57. Rd6+ Kc5 58. Rd5+ Kc6 59. Qb5+ Kc7 60. Rd7+ Kc8 61. Qb7# 1-0

[Event "Krakow Championship-B 2022"]
[Site "Krakow"]
[Date "2022.07.02"]
[Round "9.9"]
[White "Marciniak, Leonard"]
[Black "Cattaruzzo, Nicolo`"]
[Result "1-0"]
[ECO "A80"]
[WhiteElo "1799"]
[BlackElo "1744"]
[Annotator "NA RC"]
[PlyCount "39"]
[EventDate "2022.06.25"]
[EventType "swiss"]
[EventCountry "POL"]
[SourceTitle "playchess.com"]
[Source "ChessBase"]
[SourceQuality "1"]
[TimeControl "40/5400+30:1800+30"]

1. d4 f5 2. Nc3 Nf6 3. Bg5 e6 4. e4 Be7 5. exf5 exf5 6. Qf3 d6 7. Bd3 g6 8. Nge2 Be6 9. Nf4 Bf7 10. Qxb7 Nbd7 11. O-O O-O 12. Rfe1 a5 13. Qc6 Re8 14. Bc4 Qb8 15. Bxf7+ Kxf7 16. Qc4+ Kg7 17. Ne6+ Kh8 18. Nxc7 Nb6 19. Qf7 Nbd7 20. Nxe8 1-0

[Event "Krakow Championship-B 2022"]
[Site "Krakow"]
[Date "2022.07.02"]
[Round "9.10"]
[White "Al-Hajiri, Bader"]
[Black "Cichon, Bartlomiej"]
[Result "0-1"]
[ECO "E92"]
[WhiteElo "2052"]
[BlackElo "1895"]
[Annotator "NA RC"]
[PlyCount "42"]
[EventDate "2022.06.25"]
[EventType "swiss"]
[EventCountry "POL"]
[SourceTitle "playchess.com"]
[Source "ChessBase"]
[SourceQuality "1"]
[TimeControl "40/5400+30:1800+30"]

1. d4 Nf6 2. c4 g6 3. Nc3 Bg7 4. e4 d6 5. Nf3 O-O 6. Be2 e5 7. dxe5 dxe5 8. Qxd8 Rxd8 9. Bg5 Re8 10. O-O-O h6 11. Bh4 c6 12. Nxe5 Nxe4 13. Nxe4 Bxe5 14. Nd6 Bf4+ 15. Kb1 Rxe2 16. Nxc8 Na6 17. Rd8+ Kg7 18. Bg3 Bg5 19. Rhd1 Bf6 20. R1d6 Nb4 21. a3 Bxd8 0-1

[Event "Krakow Championship-B 2022"]
[Site "Krakow"]
[Date "2022.07.02"]
[Round "9.11"]
[White "Budkiewicz, Magdalena"]
[Black "Tokarz, Izabela"]
[Result "0-1"]
[ECO "B74"]
[WhiteElo "1916"]
[BlackElo "1690"]
[Annotator "NA RC"]
[PlyCount "90"]
[EventDate "2022.06.25"]
[EventType "swiss"]
[EventCountry "POL"]
[SourceTitle "playchess.com"]
[Source "ChessBase"]
[SourceQuality "1"]
[TimeControl "40/5400+30:1800+30"]

1. e4 c5 2. Nf3 d6 3. d4 cxd4 4. Nxd4 Nf6 5. Nc3 g6 6. Be2 Bg7 7. O-O O-O 8. Be3 Nc6 9. Nb3 Bd7 10. f4 a6 11. Kh1 b5 12. a3 Be6 13. Nd4 Nxd4 14. Bxd4 Rc8 15. f5 Bc4 16. Bd3 Nd7 17. Bxg7 Kxg7 18. Rf3 Ne5 19. Rh3 h5 20. Qd2 Qb6 21. Rf1 Ng4 22. Nd5 Bxd5 23. exd5 Qd4 24. Qe2 Rce8 25. Be4 Qxb2 26. Bf3 Qd4 27. Rh4 Qf6 28. Qe1 Ne3 29. Qxe3 Qxh4 30. Be4 Qf6 31. Bd3 g5 32. Qg3 Kh6 33. Be2 Qe5 34. Qf3 g4 35. Qd3 f6 36. Qd2+ Kg7 37. Rf4 Rc8 38. Bd3 Kf7 39. Re4 Qc3 40. Qd1 Rc5 41. h3 Rxd5 42. hxg4 hxg4 43. Qxg4 Rh8+ 44. Kg1 Qc5+ 45. Kf1 Rxf5+ 0-1

[Event "Krakow Championship-B 2022"]
[Site "Krakow"]
[Date "2022.07.02"]
[Round "9.12"]
[White "Klementys, Jerzy"]
[Black "Karut, Kacper"]
[Result "0-1"]
[ECO "D59"]
[WhiteElo "1614"]
[BlackElo "1775"]
[Annotator "NA RC"]
[PlyCount "100"]
[EventDate "2022.06.25"]
[EventType "swiss"]
[EventCountry "POL"]
[SourceTitle "playchess.com"]
[Source "ChessBase"]
[SourceQuality "1"]
[TimeControl "40/5400+30:1800+30"]

1. d4 d5 2. c4 e6 3. Nc3 Nf6 4. Bg5 Be7 5. e3 h6 6. Bh4 O-O 7. Nf3 b6 8. cxd5 Nxd5 9. Bxe7 Qxe7 10. Nxd5 exd5 11. Bd3 c5 12. Rc1 c4 13. Bb1 Nc6 14. O-O f5 15. b3 b5 16. a4 a6 17. axb5 axb5 18. bxc4 bxc4 19. Bc2 Bd7 20. Ra1 Ra3 21. Rxa3 Qxa3 22. Qc1 Ra8 23. h3 Qxc1 24. Rxc1 Ra3 25. Rb1 Ra2 26. Ne1 Kf7 27. Kf1 Ke7 28. Rb7 Kd6 29. Bb1 Ra7 30. Rxa7 Nxa7 31. Nf3 Nc6 32. Ke2 g5 33. Kd2 Kc7 34. Kc3 Kb6 35. h4 g4 36. Ng1 Ka5 37. Ne2 Na7 38. g3 Nb5+ 39. Kb2 Kb4 40. Nf4 Nc7 41. Bc2 Bc8 42. Ng6 Be6 43. Ne7 c3+ 44. Kc1 Ka3 45. Bxf5 Bxf5 46. Nxf5 Kb3 47. Nxh6 Na6 48. Nf7 Nb4 49. Ne5 Na2+ 50. Kd1 c2+ 0-1